 Dungeon Crawl Stone Soup version 0.18.1-48-g4cf74bf (webtiles) character file.

24 MaCx the Magician (level 3, 0/19 HPs)
             Began as a Gargoyle Wizard on Aug 28, 2016.
             Slain by a ball python (1 damage)
             ... on level 1 of the Dungeon on Aug 29, 2016.
             The game lasted 00:08:52 (1466 turns).

MaCx the Magician (Gargoyle Wizard)                 Turns: 1466, Time: 00:08:53

Health: 0/19       AC:  5    Str: 15    XL:     3   Next: 2%
Magic:  2/7        EV:  8    Int: 19    God:
Gold:   54         SH:  0    Dex:  8    Spells: 2 memorised, 5 levels left

rFire  . . .     SeeInvis .     (no weapon)
rCold  . . .     Gourm    .     a - +0 robe
rNeg   + . .     Faith    .     (no shield)
rPois  ∞         Spirit   .     b - +0 hat
rElec  +         Dismiss  .     (no cloak)
rCorr  .         Reflect  .     (no gloves)
SustAt .         Harm     .     (no boots)
MR     .....                    (no amulet)
Stlth  ++........               (no ring)
                                (no ring)

@: mighty, constricted, not resistant to hostile enchantments, unstealthy
A: negative energy resistance 1, electricity resistance, unbreathing,
petrification resistance, rot immunity, AC +3
a: no special abilities


You were on level 1 of the Dungeon.
You were near starving.

You visited 1 branch of the dungeon, and saw 2 of its levels.

You collected 54 gold pieces.

Inventory:

Armour
 a - a +0 robe (worn)
 b - a +0 hat (worn)
Scrolls
 e - 2 scrolls of identify {unknown}
 f - a scroll of recharging {unknown}
 h - a scroll of remove curse {unknown}
Potions
 g - a potion of might
 i - a potion of lignification {unknown}
Books
 c - a book of Minor Magic

   Spells                             Type                      Level
   a - Magic Dart                     Conjuration                  1
   b - Blink                          Translocation                2
   c - Call Imp                       Summoning                    2
   d - Repel Missiles                 Charms/Air                   2
   e - Slow                           Hexes                        2
   f - Conjure Flame                  Conjuration/Fire             3
   g - Mephitic Cloud                 Conjuration/Poison/Air       3
Comestibles
 d - 2 bread rations
 j - 3 meat rations
 k - 2 slices of pizza


   Skills:
 - Level 1.5 Dodging
 - Level 2.1 Stealth
 + Level 3.4 Spellcasting
 + Level 2.3 Conjurations
   Level 0.8 Summonings
 - Level 0.8 Translocations


You had 5 spell levels left.
You knew the following spells:

 Your Spells              Type           Power        Failure   Level  Hunger
a - Magic Dart            Conj           ##..         8%          1    None
b - Blink                 Tloc           N/A          17%         2    ##.....


Dungeon Overview and Level Annotations

Branches:
Dungeon (2/15)

Altars:


Innate Abilities, Weirdness & Mutations

You are resistant to torment.
Your stone body is resilient (AC +3).
You are immune to poison.
You resist negative energy.
You are resistant to electric shocks.
You can survive without breathing.
You are immune to petrification.
You are immune to rotting.


Message History

The kobold hits you with a club.
* * * LOW HITPOINT WARNING * * *
Casting: Magic Dart
Confirm with . or Enter, or press ? or * to list all spells.
Aiming: Magic Dart
Press: ? - help, Shift-Dir - straight line, f/p - kobold
Aim: a kobold, wielding a club (severely wounded)
The magic dart hits the kobold.
You kill the kobold!
You have reached level 3!
Your experience leads to an increase in your attributes!
Increase (S)trength, (I)ntelligence, or (D)exterity?
You feel clever. The ball python closely misses you. x2
Drink which item? (? for menu, Esc to quit)
It was a potion of might.
You feel very mighty all of a sudden.
The ball python bites you but does no damage.
The ball python grabs you.
You die...

#.##...#...............#........#
#.............#####.#..#........#
#.#....#.##÷#.# #.#.#..#........#
#..)...#.##...# #.#.#..#........#
#.#....#.###### #.#....####......
.......#.# #.#.......#......
#.......)# #.#...###.+......
########## ######.#####8###......
#<...@SK.)..>..').....
######.#####8###...... #.# ###
#...... #.# ####### #.#
########## #.# #........# #.#
#........# ### #........#


You could see a ball python and a kobold.

Vanquished Creatures
  A giant gecko (D:1)
  A ball python (D:2)
  A bat (D:1)
  5 goblins (D:1)
  3 hobgoblins (D:1)
  3 giant newts (D:1)
  5 kobolds (D:1)
  2 rats (D:1)
21 creatures vanquished.

Notes
Turn   | Place    | Note
--------------------------------------------------------------
     0 | D:1      | MaCx the Gargoyle Wizard began the quest for the Orb.
     0 | D:1      | Reached XP level 1. HP: 10/10 MP: 4/4
   364 | D:1      | Reached XP level 2. HP: 15/15 MP: 4/6
   865 | D:1      | Learned a level 2 spell: Blink
  1462 | D:1      | Reached XP level 3. HP: 1/19 MP: 2/7
  1466 | D:1      | Slain by a ball python

Skill      XL: |  1  2 |
---------------+-------+-----
Conjurations   | 2 |  2.3
Dodging        | |  1.5
Stealth        | |  2.1
Spellcasting   | |  3.4
Summonings     | |  0.8
Translocations | |  0.8

Action                   || total
-------------------------++-------
Melee: Unarmed           ||    24
 Cast: Magic Dart        ||    40
       Blink             ||     1
  Use: Potion            ||     1
Armor: Robe              ||    18
Dodge: Dodged            ||    24
